 Dungeon Crawl Stone Soup version 0.25.0-26-g0c896c7088 (webtiles) character file.

Game seed: 9036097311938982204

5930 guizzmo the Fighter (level 10, -6/65 HPs)
             Began as a Gargoyle Monk on June 25, 2020.
             Was a High Priest of Okawaru.
             Mangled by Gastronok (27 damage)
             ... on level 9 of the Dungeon on July 2, 2020.
             The game lasted 00:56:15 (11149 turns).

guizzmo the Fighter (Gargoyle Monk)                Turns: 11149, Time: 00:56:16

Health: -6/65      AC: 28    Str: 17    XL:     10   Next: 83%
Magic:  16/16      EV: 11    Int: 18    God:    Okawaru [*****.]
Gold:   829        SH:  0    Dex: 12    Spells: 16/17 levels left

rFire    + . .     SeeInvis .   a - +3 hand axe
rCold    x . .     Gourm    .   (no shield)
rNeg     + . .     Faith    .   O - +4 chain mail
rPois    ∞         Spirit   .   r - +1 helmet
rElec    +         Reflect  .   d - scarf {harm}
rCorr    .         Harm     +   (no gloves)
MR       .....                  J - +0 pair of boots
Stlth    ..........             x - amulet of magic regeneration
HPRegen  0.20/turn              i - +6 ring of intelligence
MPRegen  0.40/turn              w - ring of fire

@: heroism
A: negative energy resistance 1, electricity resistance, unbreathing,
petrification resistance, rot immunity, AC +7
a: Heroism, Finesse, Renounce Religion


You were on level 9 of the Dungeon.
You worshipped Okawaru.
Okawaru was extremely pleased with you.
You were not hungry.

You visited 1 branch of the dungeon, and saw 10 of its levels.
You also visited: Ossuary.

You collected 829 gold pieces.

Inventory:

Hand Weapons
 a - a +3 hand axe (weapon)
 b - a +2 dagger of venom
 q - a +5 halberd of freezing
Missiles
 E - 3 silver javelins (quivered)
Armour
 d - a scarf of harm (worn)
 r - a +1 helmet (worn)
 A - a +0 cloak
 J - a +0 pair of boots (worn)
 O - a +4 chain mail (worn)
Magical Staves
 v - an uncursed staff of poison
Jewellery
 i - a +6 ring of intelligence (left hand)
 l - an uncursed ring of stealth
 w - a ring of fire (right hand)
 x - an amulet of magic regeneration (around neck)
 z - an uncursed ring of see invisible
 K - an uncursed ring of ice {unknown}
Wands
 p - a wand of iceblast (7)
 y - a wand of flame (36)
 F - a wand of clouds (6)
 G - a wand of polymorph (7)
 L - a wand of random effects (16)
Scrolls
 e - a scroll of amnesia
 h - 9 scrolls of identify
 k - 3 scrolls of immolation
 m - a scroll of teleportation
 n - 4 scrolls of remove curse
 H - a scroll of magic mapping
Potions
 f - 6 potions of curing
 g - a potion of resistance {unknown}
 j - 3 potions of haste {unknown}
 o - 4 potions of heal wounds
 s - 5 potions of flight
 t - 2 potions of stabbing {unknown}
 u - a potion of mutation {unknown}
 B - 2 potions of brilliance {unknown}
 C - a potion of berserk rage {unknown}
 D - 2 potions of might {unknown}
 I - a potion of magic {unknown}
 M - a potion of lignification {unknown}
 N - a potion of degeneration {unknown}
Comestibles
 c - 10 rations


   Skills:
 + Level 8.7(13.7) Fighting
 - Level 4.0(9.0) Short Blades
 - Level 6.7(11.9) Axes
 * Level 2.3(9.9) Polearms
 * Level 4.1(9.1) Throwing
 + Level 7.9(12.9) Armour
 - Level 3.0(8.0) Dodging
 - Level 2.1(7.1) Stealth
 * Level 4.1 Spellcasting
 - Level 5.0 Invocations


You had 16 spell levels left.
You knew the following spells:

 Your Spells              Type           Power        Failure   Level  Hunger
a - Magic Dart            Conj           #...         75%         1    None

Your spell library contained the following spells:

 Spells                   Type           Power        Failure   Level  Hunger
 Corona                   Hex            #......      75%         1    None
 Blink                    Tloc           N/A          86%         2    ##.....
 Call Imp                 Summ           #.......     86%         2    ##.....
 Ensorcelled Hibernation  Hex/Ice        #.....       86%         2    ##.....
 Slow                     Hex            #.......     86%         2    ##.....
 Confusing Touch          Hex            #.......     98%         3    ###....
 Conjure Flame            Conj/Fire      #.......     98%         3    ###....
 Dazzling Flash           Conj/Hex       #.....       98%         3    ###....
 Mephitic Cloud           Conj/Pois/Air  #.......     98%         3    ###....
 Tukima's Dance           Hex            #.......     98%         3    ###....


Dungeon Overview and Level Annotations

Branches:
Dungeon (10/15)            Temple (0/1) D:6            Lair (0/6) D:9
Ossuary (visited)
    Orc: D:9-12

Altars:
Ashenzari
Gozag
Hepliaklqana
Kikubaaqudgha
Okawaru
Qazlal
Sif Muna
Vehumet
Wu Jian
Xom
Yredelemnul
Zin
The Shining One

Shops:
D:7 [

Annotations:
D:9 Gastronok


Innate Abilities, Weirdness & Mutations

You are resistant to torment.
Your stone body is resilient. (AC +7)
You are immune to poison.
You resist negative energy. (rN+)
You are resistant to electric shocks. (rElec)
You can survive without breathing.
You are immune to petrification.
You are immune to rotting.


Message History

Gastronok is heavily wounded.
You hit Gastronok.
Gastronok is heavily wounded.
You hit Gastronok.
Gastronok is heavily wounded.
You hit Gastronok but do no damage.
Gastronok is heavily wounded.
You hit Gastronok but do no damage.
Gastronok is heavily wounded.
Gastronok bites you but does no damage.
You hit Gastronok.
Gastronok is heavily wounded.
You slash Gastronok!
Gastronok is heavily wounded.
You hit Gastronok.
Gastronok is heavily wounded.
You slash Gastronok!
Gastronok is severely wounded.
Gastronok bites you!!
You die...

....<........#####
#####..........### #.
###..PP....#....... #..
###P(.........<...#.......
##....PP..P.P.P............
#PP..P.P.PP.P..P.........##
###.P..P.....P.PP..P .....#
#..P..P....w.....P.. ...
#...........@.P.P...
#...PP.........(PP..
........[..>....(P..
..P.P.P.....P....... #.
.P.....P....P..P.PP.P ##
...P..P....P.P..P.... #.
#...P..P..P.PPPP....P ##
#.##.P..P.PP.PP..P... .. #.
#..........[......# ..


You could see Gastronok (swift).

Vanquished Creatures
  7 yaks
  A hungry ghost (D:8)
  A water moccasin (D:9)
  5 porcupines (D:9)
  3 orc warriors
  2 black bears (D:9)
  An ice beast (D:6)
  The ghost of Matador8 the Charmwright, an amateur NaSk (D:3)
  2 sky beasts
  4 ogres
  A necrophage (D:7)
  3 centaurs
  A crocodile (D:9)
  3 big kobolds (D:8)
  6 bullfrogs
  6 scorpions
  A water moccasin skeleton (D:8)
  5 killer bees (D:9)
  4 wights (D:6)
  A howler monkey (D:4)
  2 crimson imps
  A bullfrog zombie (D:9)
  A hound (D:8)
  6 orc priests
  A bullfrog skeleton (D:4)
  Jessica (D:2)
  A centaur skeleton (D:4)
  3 iguanas
  6 orc wizards
  9 worker ants
  A hound zombie (D:8)
  A hound skeleton (D:6)
  9 mummies
  Robin (D:2)
  A howler monkey skeleton (D:5)
  13 adders
  3 gnolls
  2 shadow imps
  2 adder skeletons
  An adder zombie (D:5)
  3 dart slugs
  7 leopard geckos
  25 orcs
  A ball python (D:1)
  5 bats
  5 giant cockroaches
  3 gnoll zombies (Ossuary)
  8 goblins
  9 hobgoblins
  13 kobolds
  4 quokkas
  3 frilled lizards
  4 hobgoblin zombies
  A jackal zombie (D:9)
  A leopard gecko zombie (D:5)
  3 orc zombies (Ossuary)
  A quokka skeleton (D:8)
  8 rats
  A plant (D:9)
228 creatures vanquished.

Vanquished Creatures (others)
  35 fungi (D:9)
  12 plants (D:9)
47 creatures vanquished.

Grand Total: 275 creatures vanquished

Notes
Turn   | Place    | Note
-------+----------+-------------------------------------------
     0 | D:1      | guizzmo the Gargoyle Monk began the quest for the Orb.
     0 | D:1      | Reached XP level 1. HP: 14/14 MP: 1/1
   243 | D:1      | Reached XP level 2. HP: 19/19 MP: 2/2
   551 | D:1      | Reached skill level 1 in Armour
   575 | D:1      | Reached XP level 3. HP: 14/23 MP: 3/3
  1002 | D:2      | Noticed Jessica
  1011 | D:2      | Killed Jessica
  1078 | D:2      | Noticed Robin
  1105 | D:2      | Reached XP level 4. HP: 29/29 MP: 4/4
  1316 | D:2      | Found an iron altar of Okawaru.
  1319 | D:2      | Became a worshipper of Warmaster Okawaru
  1319 | D:2      | Reached * piety under Okawaru
  1319 | D:2      | Reached ** piety under Okawaru
  1430 | D:2      | Killed Robin
  2057 | D:3      | Reached XP level 5. HP: 33/33 MP: 5/5
  2102 | D:3      | Reached skill level 4 in Fighting
  2522 | D:3      | Found a runed translucent door.
  2522 | D:3      | Noticed Matador8's ghost (amateur NaSk)
  2766 | D:3      | Reached XP level 6. HP: 32/38 MP: 6/6
  2926 | D:3      | Found a glowing silver altar of Zin.
  3080 | D:3      | Killed Matador8's ghost
  3173 | D:4      | Found an ornate altar of the Wu Jian Council.
  3173 | D:4      | Found a shimmering blue altar of Sif Muna.
  3325 | D:4      | Found a shattered altar of Ashenzari.
  3325 | D:4      | Found a glowing golden altar of the Shining One.
  3326 | D:4      | Found a basalt altar of Yredelemnul.
  3327 | D:4      | Found an opulent altar of Gozag.
  3539 | D:4      | Reached XP level 7. HP: 39/44 MP: 7/7
  3586 | D:4      | Reached skill level 5 in Axes
  3586 | D:4      | Reached skill level 1 in Invocations
  3650 | D:4      | Found a stormy altar of Qazlal.
  3827 | D:4      | Reached skill level 5 in Fighting
  3827 | D:4      | Reached skill level 1 in Short Blades
  4080 | D:4      | Found an ancient bone altar of Kikubaaqudgha.
  4326 | D:5      | Entered Level 5 of the Dungeon
  4339 | D:5      | Found an iron altar of Okawaru.
  4366 | D:5      | Found a shimmering altar of Xom.
  4470 | D:4      | Reached *** piety under Okawaru
  4496 | D:5      | Reached XP level 8. HP: 26/50 MP: 8/10
  4617 | D:5      | Found a sand-covered staircase.
  4622 | Ossuary  | Entered an ossuary
  5741 | D:6      | Found an ancient bone altar of Kikubaaqudgha.
  5795 | D:6      | Reached skill level 6 in Fighting
  6059 | D:6      | Reached skill level 7 in Fighting
  6302 | D:6      | Found a staircase to the Ecumenical Temple.
  6383 | D:6      | Reached XP level 9. HP: 29/57 MP: 12/12
  6550 | D:6      | Reached **** piety under Okawaru
  6816 | D:6      | Reached skill level 8 in Fighting
  7107 | D:7      | Learned a level 1 spell: Magic Dart
  7118 | D:7      | Received a gift from Okawaru
  7167 | D:7      | Found Pezxoytz's Antique Armour Shop.
  7408 | D:7      | Reached skill level 5 in Invocations
  7787 | D:7      | Reached skill level 1 in Spellcasting
  7810 | D:7      | Reached skill level 1 in Throwing
  8409 | D:8      | Found a radiant altar of Vehumet.
  8506 | D:7      | Reached skill level 5 in Armour
  8763 | D:8      | Received a gift from Okawaru
  8793 | D:7      | Reached XP level 10. HP: 37/64 MP: 12/14
  9505 | D:8      | Found a hazy altar of Hepliaklqana.
  9668 | D:9      | Found a staircase to the Lair.
  9690 | D:9      | Reached skill level 1 in Polearms
  9843 | D:9      | Noticed Gastronok
 10131 | D:9      | Reached ***** piety under Okawaru
 10340 | D:9      | Found a flagged portal.
 10568 | D:8      | Upgraded the game from 0.25.0-11-g1f837a76a1 to
                  | 0.25.0-26-g0c896c7088
 10754 | D:10     | Entered Level 10 of the Dungeon
 11149 | D:9      | Mangled by Gastronok

Illustrated notes

Levels and vault maps discovered:
D:1:      minmay_arrival_loop, layout_rooms, hangedman_decor_clover_reticule,
          minmay_box_of_dots
D:2:      layout_basic, lemuel_doored_altar, uniq_robin, uniq_jessica
D:3:      layout_loops_ring, zin_scriptorium, ebering_ghost_reflecting_pool
D:4:      layout_gridville, grunt_qazlal_clouds, grunt_temple_overflow_open,
          nicolae_overflow_hidden_temple, first_ration
D:5:      layout_rooms, basic_altar, nicolae_ossuary_entry_giza,
          xom_teletrap_fun
D:6:      layout_cave_pools, minmay_temple_entry_proselytizer, basic_altar
D:7:      layout_gridville, serial_shops, shop, nicolae_lava_and_water
D:8:      layout_cave_pools, vehumet_crystals, marbit_many_paths
D:9:      layout_cave_pools, due_lair_maze_entry_diamond, enter_bailey_2,
          grunt_ogre_cave, minivault_27, uniq_gastronok
D:10:     gammafunk_mikee_crab_dinner, layout_basic, serial_ice, serial_ice_i,
          serial_ice_b, serial_ice_f, serial_ice_h, serial_ice_d

Skill      XL: |  1  2  3  4  5  6  7  8  9 10 |
---------------+-------------------------------+-----
Axes           | 3 4 5 6 |  6.7
Armour         | 1 2 3 4 6 7 |  7.9
Dodging        | 3 |  3.0
Fighting       | 4 5 7 8 |  8.7
Invocations    | 3 4 5 |  5.0
Short Blades   | 2 4 |  4.0
Spellcasting   | 2 4 |  4.1
Throwing       | 2 4 |  4.1
Polearms       | 2 |  2.3
Stealth        | |  2.1

Action                   |  1- 3 |  4- 6 |  7- 9 | 10-12 || total
-------------------------+-------+-------+-------+-------++-------
Melee: Hand axe          |    61 |   265 |   261 |   148 ||   735
       Punch             |       |     1 |     2 |     1 ||     4
       Dagger            |       |     9 |   349 |   151 ||   509
       Halberd           |       |       |       |    14 ||    14
 Fire: Fustibalus        |       |       |     4 |       ||     4
Throw: Javelin           |       |       |     6 |     4 ||    10
Invok: Heroism           |       |     1 |     2 |     2 ||     5
  Use: Scroll            |     2 |       |     5 |     9 ||    16
       Potion            |       |       |     1 |     3 ||     4
 Stab: Sleeping          |     2 |       |       |       ||     2
  Eat: Chunk             |     1 |     8 |    10 |     6 ||    25
       Ration            |       |       |     2 |     3 ||     5
Armor: Robe              |    15 |       |       |       ||    15
       Leather armour    |     8 |     3 |       |       ||    11
       Chain mail        |       |   158 |   316 |   339 ||   813
       Ring mail         |       |     9 |    74 |       ||    83
Dodge: Dodged            |    34 |   109 |   320 |   155 ||   618
